 Dungeon Crawl Stone Soup version 0.23.2-1-ga50397a (webtiles) character file.

Game seed: 16867026188338802219

104 kae the Changer (level 4, -12/35 HPs)
             Began as a Draconian Transmuter on May 26, 2019.
             Mangled by an ogre
             ... wielding a +0 giant spiked club
              (24 damage)
             ... on level 3 of the Dungeon.
             The game lasted 00:03:03 (3778 turns).

kae the Changer (Draconian Transmuter)              Turns: 3778, Time: 00:03:04

Health: -12/35     AC:  5    Str: 13    XL:     4   Next: 52%
Magic:  6/8        EV: 12    Int: 13    God:
Gold:   193        SH:  0    Dex: 12    Spells: 3/9 levels left

rFire    . . .     SeeInvis +     - Unarmed
rCold    . . .     Gourm    .   (no shield)
rNeg     . . .     Faith    .   (armour unavailable)
rPois    .         Spirit   .   (helmet restricted)
rElec    .         Reflect  .   (no cloak)
rCorr    .         Harm     .   (no gloves)
MR       .....                  (no boots)
Stlth    +.........             (no amulet)
HPRegen  0.11/turn              l - ring of see invisible
MPRegen  0.11/turn              (no ring)

@: confused, very slightly contaminated
A: unfitting armour, cold-blooded, AC +5
a: no special abilities


You were on level 3 of the Dungeon.
You were not hungry.

You visited 1 branch of the dungeon, and saw 4 of its levels.

You collected 193 gold pieces.

Inventory:

Missiles
 a - 30 arrows
Jewellery
 l - a ring of see invisible (left hand)
 m - a +4 ring of intelligence {unknown}
Potions
 d - a potion of agility
 e - a potion of flight
 g - a potion of lignification {unknown}
 h - a potion of magic {unknown}
 i - a potion of degeneration {unknown}
 j - a potion of ambrosia
Comestibles
 c - 10 rations


   Skills:
 - Level 1.1 Fighting
 - Level 1.7 Dodging
 - Level 3.0 Unarmed Combat
 + Level 3.0 Spellcasting
 * Level 4.1 Transmutations


You had 3 spell levels left.
You knew the following spells:

 Your Spells              Type           Power        Failure   Level  Hunger
a - Beastly Appendage     Tmut           ##....       4%          1    #......
b - Sticks to Snakes      Tmut           ##......     6%          2    ###....
c - Spider Form           Tmut/Pois      #.........   30%         3    ###....

Your spell library contained the following spells:

 Spells                   Type           Power        Failure   Level  Hunger
 Ice Form                 Ice/Tmut       #.......     69%         4    #####..
 Blade Hands              Tmut           ##........   75%         5    ######.


Dungeon Overview and Level Annotations

Branches:
Dungeon (4/15)
 Temple: D:4-7

Altars:
Makhleb
Trog
Uskayaw
The Shining One

Annotations:
D:3 Sigmund
D:4 Grinder


Innate Abilities, Weirdness & Mutations

Your plain brown scales are hard. (AC +5)
You cannot fit into any form of body armour.
You are cold-blooded and may be slowed by cold attacks.


Message History

Nothing appears to happen.
All of the chunks of flesh in your inventory have rotted away.
You barely miss the ogre.
The ogre is heavily wounded.
The ogre hits you with a +0 giant spiked club!!
Ouch! That really hurt!
* * * LOW HITPOINT WARNING * * *
Casting: Spider Form (safe; 30% risk of failure)
Confirm with . or Enter, or press ? or * to list all spells.
You miscast Spider Form.
Nothing appears to happen.
The ogre barely misses you.
Okay, then.
Okay, then.
It was a potion of curing.
You feel better.
It was a potion of ambrosia.
You are confused.
You feel invigorated.
The ogre hits you with a +0 giant spiked club!!
Ouch! That really hurt!
You die...

#≈# ####.########........#
≈≈# #.# ##.##.##.# ###
≈≈######.###### ####.##.#
#.. ≈≈##..........# #.##.#
#.# ≈###.###.####.#
#.##.## #.# ≈# #.# #)# #.#
#.#...## #.# ≈# #.# #.#
##.## #......# #.# .###.#
#.###...######......# #.#
.....#
#........@O.........## #.#
####.#
#####...######.#.....###.#
#.# ##.## #............
#.# #.# #####...##### #.#
#.# ##.###### #.########.#
#...÷... #...<......#
######## ############


You could see an ogre.

Vanquished Creatures
  A hound (D:3)
  2 oozes (D:1)
  An adder skeleton (D:3)
  2 worms
  A dart slug (D:1)
  3 leopard geckos
  3 orcs
  6 bats
  4 goblins
  7 hobgoblins
  7 kobolds
  A ball python (D:2)
  3 frilled lizards
  10 rats
51 creatures vanquished.

Notes
Turn   | Place    | Note
-------+----------+-------------------------------------------
     0 | D:1      | kae the Draconian Transmuter began the quest for the Orb.
     0 | D:1      | Reached XP level 1. HP: 16/16 MP: 3/3
   415 | D:1      | Reached XP level 2. HP: 23/23 MP: 3/5
   936 | D:1      | Reached skill level 3 in Transmutations
  1005 | D:1      | Reached XP level 3. HP: 28/28 MP: 6/6
  1224 | D:2      | Found a hide-covered altar of Uskayaw.
  1627 | D:2      | Found a glowing golden altar of the Shining One.
  1661 | D:2      | Noticed a moth of wrath
  1664 | D:2      | Found a bloodstained altar of Trog.
  2216 | D:2      | Found a burning altar of Makhleb.
  2416 | D:3      | Noticed Sigmund
  2671 | D:3      | Learned a level 2 spell: Sticks to Snakes
  2675 | D:3      | Learned a level 3 spell: Spider Form
  3342 | D:3      | Reached XP level 4. HP: 35/35 MP: 8/8
  3537 | D:4      | Noticed Grinder
  3539 | D:4      | Paralysed by Grinder for 6 turns
  3583 | D:4      | Noticed an ogre
  3619 | D:4      | Paralysed by Grinder for 2 turns
  3634 | D:3      | Reached skill level 4 in Transmutations
  3778 | D:3      | Mangled by an ogre

Skill      XL: |  1  2  3  4 |
---------------+-------------+-----
Transmutations | 3 4 |  4.1
Spellcasting   | 3 |  3.0
Fighting       | |  1.1
Dodging        | |  1.7
Unarmed Combat | |  3.0

Action                   |  1- 3 |  4- 6 || total
-------------------------+-------+-------++-------
Melee: Unarmed           |   159 |    28 ||   187
       Kick              |    10 |       ||    10
       Tailslap          |    22 |     2 ||    24
       Headbutt          |     6 |       ||     6
       Punch             |     3 |       ||     3
 Cast: Beastly Appendage |    19 |       ||    19
       Spider Form       |     1 |     2 ||     3
  Use: Scroll            |     6 |     1 ||     7
       Potion            |       |     2 ||     2
  Eat: Chunk             |     8 |     2 ||    10
Armor: Skin              |    46 |     6 ||    52
Dodge: Dodged            |   112 |    23 ||   135
